 Dungeon Crawl Stone Soup version 0.29.1-4-g47bece8355 (webtiles) character file.

Game seed: 12616108120700303208

37 iamoutofideas the Chopper (level 3, -1/30 HPs)
             Began as a Hill Orc Gladiator on Dec 8, 2022.
             Slain by Sigmund
             ... wielding a +0 scythe
              (7 damage)
             ... on level 3 of the Dungeon.
             The game lasted 00:01:29 (1949 turns).

iamoutofideas the Chopper (Hill Orc Gladiator)      Turns: 1949, Time: 00:01:30

Health: -1/30      AC:  7    Str: 15 (18) XL:     3   Next: 39%
Magic:  3/3        EV: 11    Int:  6 (8)  God:
Gold:   124        SH:  0    Dex:  9 (12) Spells: 2/2 levels left

rFire   . . .      SeeInvis .   a - +0 war axe
rCold   . . .      Faith    .   (no shield)
rNeg    . . .      Spirit   .   i - +0 ring mail
rPois   .          Reflect  .   c - +0 helmet
rElec   .          Harm     .   (no cloak)
rCorr   .          Rampage  .   l - +0 pair of gloves
Will    .....                   (no boots)
Stlth   ..........              g - amulet of regeneration
HPRegen 0.90/turn               (no ring)
MPRegen 0.08/turn               (no ring)

@: brilliant, attractive
A: no striking features
a: no special abilities


You were on level 3 of the Dungeon.
You visited 1 branch of the dungeon, and saw 3 of its levels.

You collected 124 gold pieces.

Inventory:

Hand Weapons
 a - a +0 war axe (weapon)
Missiles
 d - 3 throwing nets (quivered)
 e - a javelin
Armour
 b - a +0 leather armour
 c - a +0 helmet (worn)
 i - a +0 ring mail (worn)
 l - a +0 pair of gloves (worn)
Jewellery
 g - an amulet of regeneration (around neck)
Scrolls
 f - 2 scrolls of teleportation {unknown}
 h - 2 scrolls of acquirement {unknown}
 k - a scroll of butterflies {unknown}
 o - a scroll of identify {unknown}
Potions
 m - a potion of degeneration


   Skills:
 + Level 2.8 Fighting
 + Level 5.1 Axes
 - Level 2.0 Throwing
 - Level 2.6 Dodging


You had 2 spell levels left.
You didn't know any spells.
Your spell library contained the following spells:

 Spells                   Type           Power      Damage    Failure   Level
 Slow                     Hex            0%         N/A       69%         1
 Confusing Touch          Hex            0%         N/A       96%         3
 Vampiric Draining        Necr           0%         2d6       96%         3


Dungeon Overview and Level Annotations

Branches:
Dungeon (3/15)

Altars:

Annotations:
D:2 1 runed translucent door, Crazy Yiuf
D:3 Sigmund


Message History

HP restored.
You open the door.
There is an open door here.
Sigmund the Dreaded comes into view.
He is wielding a +0 scythe.
Sigmund shouts!
Sigmund is nearby!
Sigmund hits you but does no damage.
Sigmund is nearby!
Sigmund is nearby!
You closely miss Sigmund. Sigmund hits you but does no damage.
You completely miss Sigmund. Sigmund gestures at you while chanting.
You are confused.
You are too confused!
You are too confused!
You are too confused!
It was a potion of attraction.
You feel attractive to monsters.
Sigmund mumbles some strange words.
Sigmund flickers and vanishes!
Deactivating autopickup; reactivate with Ctrl-A.
It was a potion of degeneration.
There was something very wrong with that liquid.
You feel weakened.
You feel dopey.
You feel clumsy. Something hits you but does no damage.
It was a potion of brilliance.
You feel clever all of a sudden. Something hits you!
You bump into the closed door.
You barely miss something.
You feel less confused. Something hits you!
You miss something. Something hits you.
You hit something. Something hits you!
* * * LOW HITPOINT WARNING * * *
You closely miss something.
You hear some strange, mumbled words.
Something tries to affect you, but you resist.
Something hits you!
You die...

... ###.. . .... .. ...
... .. .... .#....# #
##+#{....##
#.######..........
.#......'.@.....##.
........#.......#
#.######.#.......# ...
..#.#.......# #.#
#.#.#......... #.#
#.#.#.......... #.#
#.#.#...!......
######.####.#.##########
............#.#


There were no monsters in sight!

Vanquished Creatures
  6 ball pythons
  2 endoplasms
  A giant cockroach (D:1)
  3 goblins (D:1)
  6 hobgoblins
  A jackal (D:2)
  5 kobolds
  2 quokkas
  3 bats
  A frilled lizard (D:1)
  3 rats
33 creatures vanquished.

Vanquished Creatures (others)
  3 fungi (D:2)
3 creatures vanquished.

Grand Total: 36 creatures vanquished

Notes
Turn   | Place    | Note
-------+----------+-------------------------------------------
     0 | D:1      | iamoutofideas the Hill Orc Gladiator began the quest for
                  | the Orb.
     0 | D:1      | Reached XP level 1. HP: 18/18 MP: 1/1
    94 | D:1      | Reached XP level 2. HP: 20/25 MP: 2/2
   865 | D:2      | Reached XP level 3. HP: 28/30 MP: 3/3
   878 | D:2      | Found a faded altar of an unknown god.
  1269 | D:2      | Reached skill level 5 in Axes
  1883 | D:2      | Found a runed translucent door.
  1884 | D:2      | Noticed Crazy Yiuf
  1936 | D:3      | Noticed Sigmund
  1949 | D:3      | Slain by Sigmund

Illustrated notes

Levels and vault maps discovered:
D:1:      denvon_arrival_planthouse, layout_basic
D:2:      layout_basic, chequers_ecumenical_altar_simple, nicolae_hexahallways,
          minmay_pentomino_w2, uniq_crazy_yiuf_cottage
D:3:      layout_basic, mainiacjoe_overflow_tiny_flanked,
          mainiacjoe_overflow_cross_hatched, trog_three_pillars_becter,
          uniq_sigmund

Skill      XL: |  1  2  3 |
---------------+----------+-----
Throwing       | 2 |  2.0
Axes           | 5 |  5.1
Fighting       | |  2.8
Dodging        | |  2.6

Action                   || total
-------------------------++-------
Melee: War axe           ||    93
  Use: Potion            ||     3
Armor: Leather armour    ||    13
       Ring mail         ||    25
Dodge: Dodged            ||    48
